Sabres vs Whalers

Created - 13 octobre 2017 at 15:52

Goals
1 2 3 T
Sabres 0 1 1 2
Whalers 2 0 1 3
Shots
1 2 3 T
Sabres 14 16 10 40
Whalers 14 4 18 36

1st period

1. Whalers , Scott Hartnell 1 (Dustin Byfuglien 3, Jonny Brodzinski 2) at 10:43 (PP)
2. Whalers , Lance Bouma 1 (Drake Caggiula 1, Byron Froese 1) at 11:43

Penalties :
Kevin Shattenkirk (BUF) for Cross-checking (Minor) at 0:51, Zach Hyman (BUF) for Holding (Minor) at 10:26

2nd period

3. Sabres , Zach Hyman 1 (Josh Anderson 1) at 7:57

Penalties :
Kris Versteeg (HAR) for Slashing (Minor) at 0:22

3rd period

4. Sabres , David Backes 2 (Kevin Shattenkirk 2, Rickard Rakell 2) at 14:55
5. Whalers , Austin Watson 2 (Nic Dowd 2, Derek Stepan 3) at 18:19

Penalties :
Scott Hartnell (HAR) for Tripping (Minor) at 6:27

Goalie Stats

Martin Jones (BUF), 33 saves from 36 shots - (0,917), L, 0-3-0, 60:00 minutes
Connor Hellebuyck (HAR), 38 saves from 40 shots - (0,950), W, 4-0-0, 60:00 minutes

Players Stats for Sabres

Player Name              G  A  P  +/- PIM S  H  SB GA TA FO     MP     PP MP  PK MP  
------------------------------------------------------------------------------------
Andre Burakovsky         0  0  0   0  0   4  0  0  0  0  0/0    14:00   0:01   0:07 
Andrew Copp              0  0  0   0  0   2  0  0  0  2  1/1    13:03   0:00   0:46 
David Backes             1  0  1   1  0   5  3  0  0  0  1/1    17:07   1:43   0:00 
Erik Gudbranson          0  0  0   0  0   2  3  0  0  0  0/0    18:30   0:00   0:00 
Ivan Provorov            0  0  0   1  0   0  0  0  0  1  0/0    20:47   1:35   1:33 
Jori Lehtera             0  0  0  -1  0   2  0  0  0  0  5/7    11:55   0:00   0:00 
Josh Anderson            0  1  1  -1  0   2  1  0  0  1  0/1    13:21   1:43   0:00 
Kevin Hayes              0  0  0   0  0   4  2  0  0  0  4/7    17:16   1:43   0:46 
Kevin Shattenkirk        0  1  1   1  2   1  1  0  2  1  0/0    21:50   2:23   0:00 
Kyle Wood                0  0  0  -1  0   0  1  2  0  0  0/0    17:26   0:00   0:43 
Marcus Kruger            0  0  0   0  0   3  0  0  1  1  9/13   12:52   0:00   1:23 
Mark Streit              0  0  0  -1  0   0  0  3  0  1  0/0    19:09   1:35   1:33 
Marko Dano               0  0  0   0  0   1  0  0  0  1  0/0    11:29   0:00   0:00 
Paul Byron               0  0  0   0  0   2  1  0  0  0  0/0    15:31   2:14   0:00 
Paul Stastny             0  0  0   1  0   2  2  1  1  0  21/30  18:42   2:15   0:17 
Rickard Rakell           0  1  1   1  0   2  3  0  3  0  1/1    18:25   2:15   0:00 
Roman Josi               0  0  0   0  0   3  3  2  0  0  0/0    23:12   2:23   0:43 
Zach Hyman               1  0  1  -1  2   5  3  1  1  1  0/1    13:07   0:00   1:13 

Players Stats for Whalers

Player Name              G  A  P  +/- PIM S  H  SB GA TA FO     MP     PP MP  PK MP  
------------------------------------------------------------------------------------
Austin Watson            1  0  1   1  0   2  1  0  2  1  1/19   20:04   1:50   1:01 
Brooks Orpik             0  0  0   0  0   0  0  2  0  0  0/0    17:58   0:43   1:23 
Byron Froese             0  1  1   0  0   2  1  0  1  0  1/1    13:23   0:00   0:00 
Dennis Wideman           0  0  0   0  0   0  0  0  0  1  0/0    17:58   0:43   1:23 
Derek Stepan             0  1  1  -1  0   5  2  1  2  0  13/27  24:41   0:26   2:12 
Drake Caggiula           0  1  1   0  0   4  0  0  0  0  1/6    15:50   0:00   1:09 
Dustin Byfuglien         0  1  1   0  0   6  1  2  0  2  0/0    28:15   1:33   2:40 
Jaycob Megna             0  0  0   0  0   0  0  1  0  0  0/0     7:33   0:00   0:00 
Jonny Brodzinski         0  1  1   1  0   0  2  0  1  0  0/0    19:16   1:50   0:00 
Kris Russell             0  0  0   0  0   2  0  2  0  2  0/0    24:34   1:33   2:35 
Kris Versteeg            0  0  0  -1  2   3  0  1  1  0  0/2    20:01   0:26   1:09 
Lance Bouma              1  0  1   0  0   1  1  1  0  0  0/0    13:54   0:00   0:00 
Mark Barberio            0  0  0   0  0   0  0  1  0  0  0/0     9:55   0:00   0:00 
Nic Dowd                 0  1  1   0  0   0  0  0  0  0  3/4     6:18   0:00   1:18 
Ryan Callahan            0  0  0  -1  0   5  3  0  1  0  1/2    19:21   0:26   0:53 
Ryan Pulock              0  0  0   0  0   0  0  1  0  1  0/0    10:04   0:00   0:09 
Scott Hartnell           1  0  1   1  2   6  2  1  1  0  0/1    19:22   1:50   0:00 
Tommy Cross              0  0  0   0  0   0  0  2  0  1  0/0     7:33   0:00   0:00 

3 Stars

1 - Connor Hellebuyck (HAR)
2 - David Backes (BUF)
3 - Austin Watson (HAR)

Power Play

Sabres - 0 on 2 Attempt(s) - 0,00%
Whalers - 1 on 2 Attempt(s) - 50,00%

Penalty Kill

Sabres - 1 on 2 Attempt(s) - 50,00% - Score 0 goal in Penalty Kill
Whalers - 2 on 2 Attempt(s) - 100,00% - Score 0 goal in Penalty Kill

Team Stat

Sabres - Hits : 23 - Faceoff Wins : 42 - Blocked Shots : 9 - Penalty Minutes : 4
Whalers - Hits : 13 - Faceoff Wins : 20 - Blocked Shots : 15 - Penalty Minutes : 4

Official

Referees : Dan O'Halloran and Dave Jackson
Linesman : Steve Miller and Bryan Pancich

Game Notes

No Game Note

Finance

Level 1 -- Attendance: 6000 (100,00%) -- Ticket Income 450 000 $
Level 2 -- Attendance: 4016 (80,32%) -- Ticket Income 261 040 $
Level 3 -- Attendance: 1485 (74,25%) -- Ticket Income 66 825 $
Level 4 -- Attendance: 2301 (57,53%) -- Ticket Income 80 535 $
Luxury Box -- Attendance: 1000 (100,00%) -- Ticket Income 125 000 $
Game was played at the The Fishbowl.
Total Attendance: 14802 (82,23%)
Total Ticket Income: 983 400 $
Other Income: 481 866 $
Total Income: 1 465 266 $

Sabres

5 vs 5 Forward 
   Center                   Left Wing                Right Wing               Time % Phy DF OF 
 1 Paul Stastny             David Backes             Rickard Rakell           32     0   2  3  
 2 Kevin Hayes              Paul Byron               Andre Burakovsky         28     0   2  3  
 3 Jori Lehtera             Josh Anderson            Zach Hyman               20     1   2  2  
 4 Marcus Kruger            Marko Dano               Andrew Copp              20     0   2  3  

5 vs 5 Defense 
   Defense                  Defense                                           Time % Phy DF OF 
 1 Roman Josi               Erik Gudbranson                                   35     0   3  2  
 2 Ivan Provorov            Kevin Shattenkirk                                 35     0   3  2  
 3 Mark Streit              Kyle Wood                                         30     0   3  2  
 4 Roman Josi               Ivan Provorov                                     0      0   3  2  

PowerPlay Forward 
   Center                   Left Wing                Right Wing               Time % Phy DF OF 
 1 Paul Stastny             Paul Byron               Rickard Rakell           55     0   0  5  
 2 Kevin Hayes              David Backes             Josh Anderson            45     0   0  5  

PowerPlay Defense
   Defense                  Defense                                           Time % Phy DF OF 
 1 Roman Josi               Kevin Shattenkirk                                 55     0   1  4  
 2 Ivan Provorov            Mark Streit                                       45     0   1  4  

Penalty Kill 4 Players Forward 
   Center                   Wing                     Time % Phy DF OF 
 1 Marcus Kruger            Zach Hyman               60     0   4  1  
 2 Andrew Copp              Kevin Hayes              40     0   4  1  

Penalty Kill 4 Players Defense
   Defense                  Defense                  Time % Phy DF OF 
 1 Kevin Shattenkirk        Ivan Provorov            60     0   5  0  
 2 Roman Josi               Kyle Wood                40     0   5  0  

Penalty Kill - 3 Players Forward 
   Forward                                           Time % Phy DF OF 
 1 Marcus Kruger                                     60     0   5  0  
 2 Andrew Copp                                       40     0   5  0  

Penalty Kill - 3 Players Defense
   Defense                  Defense                  Time % Phy DF OF 
 1 Mark Streit              Ivan Provorov            60     0   5  0  
 2 Roman Josi               Kyle Wood                40     0   5  0  

4 vs 4 Forward 
   Center                   Wing                     Time % Phy DF OF 
 1 Marcus Kruger            Andre Burakovsky         50     1   1  3  
 2 Andrew Copp              Zach Hyman               50     1   1  3  

4 vs 4 Defense
   Defense                  Defense                  Time % Phy DF OF 
 1 Ivan Provorov            Kevin Shattenkirk        60     1   3  1  
 2 Mark Streit              Roman Josi               40     2   1  2  

Last Minutes Offensive
   Center                   Left Wing                Right Wing               Defense                  Defense                  
   Paul Stastny             Kevin Hayes              Rickard Rakell           Roman Josi               Kevin Shattenkirk        

Last Minutes Defensive
   Center                   Left Wing                Right Wing               Defense                  Defense                  
   Paul Stastny             Marcus Kruger            Paul Byron               Ivan Provorov            Erik Gudbranson          

Goaltenders
Starting : Martin Jones             
Backup : Michael Hutchinson       

Extra Forwards
Normal : Andre Burakovsky, Josh Anderson, David Backes - PP : Andre Burakovsky, Marko Dano - PK : Paul Stastny
Extra Defensemen
Normal : Mark Streit, Kevin Shattenkirk, Ivan Provorov - PP : Ivan Provorov - PK : Kevin Shattenkirk, Mark Streit
Penalty Shots
Paul Byron, Kevin Hayes, Rickard Rakell, Paul Stastny, David Backes
Custom OT Lines Forwards
Paul Stastny, Kevin Hayes, Rickard Rakell, David Backes, Paul Byron, Andre Burakovsky, Josh Anderson, Zach Hyman, Jori Lehtera, Marko Dano
Custom OT Lines Defensemen
Roman Josi, Ivan Provorov, Kevin Shattenkirk, Mark Streit, Kyle Wood

Scratches
*salaire sabres* (Suspend), Clayton Stoner (Right Ankle Injury), Matt Carey (Healthy), Ryan Rupert (Healthy), Christian Thomas (Healthy)
Matt Bailey (Healthy), Quentin Shore (Healthy)

Whalers

5 vs 5 Forward 
   Center                   Left Wing                Right Wing               Time % Phy DF OF 
 1 Derek Stepan             Kris Versteeg            Ryan Callahan            40     1   2  2  
 2 Austin Watson            Scott Hartnell           Jonny Brodzinski         30     1   2  2  
 3 Drake Caggiula           Lance Bouma              Byron Froese             20     1   2  2  
 4 Nic Dowd                 Dustin Byfuglien         Derek Stepan             10     1   2  2  

5 vs 5 Defense 
   Defense                  Defense                                           Time % Phy DF OF 
 1 Dustin Byfuglien         Kris Russell                                      40     1   2  2  
 2 Brooks Orpik             Dennis Wideman                                    30     1   2  2  
 3 Mark Barberio            Ryan Pulock                                       20     1   2  2  
 4 Jaycob Megna             Tommy Cross                                       10     1   2  2  

PowerPlay Forward 
   Center                   Left Wing                Right Wing               Time % Phy DF OF 
 1 Derek Stepan             Kris Versteeg            Ryan Callahan            60     1   2  2  
 2 Austin Watson            Scott Hartnell           Jonny Brodzinski         40     1   2  2  

PowerPlay Defense
   Defense                  Defense                                           Time % Phy DF OF 
 1 Dustin Byfuglien         Kris Russell                                      60     1   2  2  
 2 Brooks Orpik             Dennis Wideman                                    40     1   2  2  

Penalty Kill 4 Players Forward 
   Center                   Wing                     Time % Phy DF OF 
 1 Derek Stepan             Kris Versteeg            60     1   2  2  
 2 Scott Hartnell           Ryan Callahan            40     1   2  2  

Penalty Kill 4 Players Defense
   Defense                  Defense                  Time % Phy DF OF 
 1 Dustin Byfuglien         Kris Russell             60     1   2  2  
 2 Brooks Orpik             Dennis Wideman           40     1   2  2  

Penalty Kill - 3 Players Forward 
   Forward                                           Time % Phy DF OF 
 1 Derek Stepan                                      60     1   2  2  
 2 Kris Versteeg                                     40     1   2  2  

Penalty Kill - 3 Players Defense
   Defense                  Defense                  Time % Phy DF OF 
 1 Dustin Byfuglien         Kris Russell             60     1   2  2  
 2 Brooks Orpik             Dennis Wideman           40     1   2  2  

4 vs 4 Forward 
   Center                   Wing                     Time % Phy DF OF 
 1 Derek Stepan             Kris Versteeg            60     1   2  2  
 2 Scott Hartnell           Ryan Callahan            40     1   2  2  

4 vs 4 Defense
   Defense                  Defense                  Time % Phy DF OF 
 1 Dustin Byfuglien         Kris Russell             60     1   2  2  
 2 Brooks Orpik             Dennis Wideman           40     1   2  2  

Last Minutes Offensive
   Center                   Left Wing                Right Wing               Defense                  Defense                  
   Derek Stepan             Kris Versteeg            Ryan Callahan            Dustin Byfuglien         Kris Russell             

Last Minutes Defensive
   Center                   Left Wing                Right Wing               Defense                  Defense                  
   Derek Stepan             Kris Versteeg            Ryan Callahan            Dustin Byfuglien         Kris Russell             

Goaltenders
Starting : Connor Hellebuyck        
Backup : Louis Domingue           

Extra Forwards
Normal : Drake Caggiula, Lance Bouma, Nic Dowd - PP : Drake Caggiula, Lance Bouma - PK : Nic Dowd
Extra Defensemen
Normal : Mark Barberio, Ryan Pulock, Jaycob Megna - PP : Mark Barberio - PK : Ryan Pulock, Jaycob Megna
Penalty Shots
Dustin Byfuglien, Derek Stepan, Kris Versteeg, Scott Hartnell, Ryan Callahan
Custom OT Lines Forwards
Dustin Byfuglien, Derek Stepan, Kris Versteeg, Scott Hartnell, Ryan Callahan, Austin Watson, Jonny Brodzinski, Drake Caggiula, Lance Bouma, Nic Dowd
Custom OT Lines Defensemen
Dustin Byfuglien, Kris Russell, Brooks Orpik, Dennis Wideman, Mark Barberio

Scratches
Loui Eriksson (Healthy), Phil Kessel (Healthy)

% Time on Ice - Sabres

Lines # - Real PCT - Wanted PCT - Time Play
Normal Forward
1 - 29% - 32% - 15:35
2 - 27% - 28% - 14:12
3 - 22% - 20% - 11:55
4 - 22% - 20% - 11:29
Normal Defense
1 - 35% - 35% - 18:49
2 - 35% - 35% - 18:34
3 - 30% - 30% - 15:48
4 - 0% - 0% - 0:00
PP Forward
1 - 57% - 55% - 2:15
2 - 43% - 45% - 1:43
PP Defense
1 - 60% - 55% - 2:23
2 - 40% - 45% - 1:35
PK Forward
1 - 66% - 60% - 1:30
2 - 34% - 40% - 0:46
PK Defense
1 - 68% - 60% - 1:33
2 - 32% - 40% - 0:43
PK3 Forward
1 - 0% - 60%
2 - 0% - 40%
PK3 Defense
1 - 0% - 60%
2 - 0% - 40%
44 Forward
1 - 0% - 50%
2 - 0% - 50%
44 Defense
1 - 0% - 60%
2 - 0% - 40%
Last Minute Offensive  - 0:35
Last Minute Defensive  - 0:00
Total
Forward - 60:00
Defense - 60:00

% Time on Ice - Whalers

Lines # - Real PCT - Wanted PCT - Time Play
Normal Forward
1 - 33% - 40% - 17:13
2 - 33% - 30% - 17:26
3 - 25% - 20% - 13:23
4 - 9% - 10% - 4:30
Normal Defense
1 - 37% - 40% - 19:12
2 - 30% - 30% - 15:52
3 - 19% - 20% - 9:55
4 - 14% - 10% - 7:33
PP Forward
1 - 19% - 60% - 0:26
2 - 81% - 40% - 1:50
PP Defense
1 - 68% - 60% - 1:33
2 - 32% - 40% - 0:43
PK Forward
1 - 86% - 60% - 3:25
2 - 14% - 40% - 0:33
PK Defense
1 - 65% - 60% - 2:35
2 - 35% - 40% - 1:23
PK3 Forward
1 - 0% - 60%
2 - 0% - 40%
PK3 Defense
1 - 0% - 60%
2 - 0% - 40%
44 Forward
1 - 0% - 60%
2 - 0% - 40%
44 Defense
1 - 0% - 60%
2 - 0% - 40%
Last Minute Offensive  - 0:00
Last Minute Defensive  - 1:14
Total
Forward - 60:00
Defense - 60:00

Play by Play

1st period


0:01 of 1st period - Derek Stepan wins face-off versus Paul Stastny in neutral zone.
0:32 of 1st period - Snap shot by Dustin Byfuglien.
0:32 of 1st period - Shot Misses the Net.
0:51 of 1st period - Minor Penalty to Kevin Shattenkirk for Cross-checking.
0:52 of 1st period - Marcus Kruger wins face-off versus Derek Stepan in Sabres zone.
1:34 of 1st period - Wrist shot by Scott Hartnell.
1:34 of 1st period - Stopped by Martin Jones without a rebound.
1:35 of 1st period - Andrew Copp wins face-off versus Austin Watson in Sabres zone.
1:42 of 1st period - Wrist shot by Kevin Hayes.
1:42 of 1st period - Shot Blocked by Kris Russell.
2:02 of 1st period - Marcus Kruger is hit by Jonny Brodzinski and loses puck.
2:23 of 1st period - Snap shot by Dustin Byfuglien.
2:23 of 1st period - Stopped by Martin Jones with a rebound.
2:25 of 1st period - Snap shot by Austin Watson.
2:25 of 1st period - Stopped by Martin Jones with a rebound.
2:51 of 1st period - Penalty to Kevin Shattenkirk is over, Kevin Shattenkirk is back on ice.
2:57 of 1st period - Snap shot by Scott Hartnell.
2:57 of 1st period - Shot Misses the Net.
3:31 of 1st period - Wrist shot by Jonny Brodzinski.
3:31 of 1st period - Shot Blocked by Roman Josi.
3:33 of 1st period - Slapshot by Kris Russell.
3:33 of 1st period - Shot Misses the Net.
3:35 of 1st period - Wrist shot by Jonny Brodzinski.
3:35 of 1st period - Shot Blocked by Kyle Wood.
3:43 of 1st period - Snap shot by Scott Hartnell.
3:43 of 1st period - Stopped by Martin Jones with a rebound.
3:45 of 1st period - Slapshot by Dustin Byfuglien.
3:45 of 1st period - Stopped by Martin Jones without a rebound.
3:46 of 1st period - Paul Stastny wins face-off versus Derek Stepan in Sabres zone.
4:25 of 1st period - Lance Bouma is hit by Roman Josi and loses puck.
4:46 of 1st period - Icing by Byron Froese.
4:47 of 1st period - Paul Stastny wins face-off versus Drake Caggiula in Whalers zone.
4:54 of 1st period - Slapshot by David Backes.
4:54 of 1st period - Shot Blocked by Tommy Cross.
4:56 of 1st period - Slapshot by David Backes.
4:56 of 1st period - Stopped by Connor Hellebuyck without a rebound.
4:57 of 1st period - Derek Stepan wins face-off versus Marcus Kruger in Whalers zone.
5:21 of 1st period - Off-side.
5:22 of 1st period - Paul Stastny wins face-off versus Drake Caggiula in neutral zone.
5:25 of 1st period - Slapshot by Rickard Rakell.
5:25 of 1st period - Stopped by Connor Hellebuyck with a rebound.
5:35 of 1st period - Slapshot by Drake Caggiula.
5:35 of 1st period - Shot Misses the Net.
5:37 of 1st period - Slapshot by Dennis Wideman.
5:37 of 1st period - Shot Misses the Net.
5:52 of 1st period - Snap shot by Paul Stastny.
5:52 of 1st period - Stopped by Connor Hellebuyck with a rebound.
5:54 of 1st period - Snap shot by Paul Stastny.
5:54 of 1st period - Stopped by Connor Hellebuyck without a rebound.
5:55 of 1st period - Marcus Kruger wins face-off versus Ryan Callahan in Whalers zone.
6:08 of 1st period - Wrist shot by Derek Stepan.
6:08 of 1st period - Shot Blocked by Roman Josi.
6:22 of 1st period - Erik Gudbranson is hit by Byron Froese and loses puck.
6:49 of 1st period - Roman Josi is hit by Scott Hartnell and loses puck.
7:34 of 1st period - Wrist shot by Josh Anderson.
7:34 of 1st period - Stopped by Connor Hellebuyck with a rebound.
7:49 of 1st period - Snap shot by Byron Froese.
7:49 of 1st period - Shot Misses the Net.
7:51 of 1st period - Slapshot by Dennis Wideman.
7:51 of 1st period - Shot Misses the Net.
7:55 of 1st period - Snap shot by Byron Froese.
7:55 of 1st period - Deflect By Drake Caggiula.
7:55 of 1st period - Shot Blocked by Zach Hyman.
7:55 of 1st period - Puck is out of play.
7:56 of 1st period - Ryan Callahan wins face-off versus Marcus Kruger in Sabres zone.
8:03 of 1st period - Slapshot by Derek Stepan.
8:03 of 1st period - Stopped by Martin Jones without a rebound.
8:04 of 1st period - Marcus Kruger wins face-off versus Derek Stepan in Sabres zone.
8:04 of 1st period - Marcus Kruger is hit by Derek Stepan.
9:39 of 1st period - Snap shot by Derek Stepan.
9:39 of 1st period - Stopped by Martin Jones with a rebound.
9:41 of 1st period - Snap shot by Ryan Callahan.
9:41 of 1st period - Deflect By Kris Versteeg.
9:41 of 1st period - Stopped by Martin Jones without a rebound.
9:42 of 1st period - Paul Stastny wins face-off versus Scott Hartnell in Sabres zone.
10:23 of 1st period - Snap shot by Byron Froese.
10:23 of 1st period - Stopped by Martin Jones without a rebound.
10:24 of 1st period - Jori Lehtera wins face-off versus Austin Watson in Sabres zone.
10:26 of 1st period - Minor Penalty to Zach Hyman for Holding.
10:27 of 1st period - Marcus Kruger wins face-off versus Austin Watson in Sabres zone.
10:43 of 1st period - Wrist shot by Scott Hartnell.
10:43 of 1st period - Goal by Scott Hartnell - Sabres : 0 - Whalers : 1.
10:44 of 1st period - Rickard Rakell wins face-off versus Austin Watson in neutral zone.
11:03 of 1st period - Scott Hartnell is hit by Rickard Rakell and loses puck.
11:26 of 1st period - Wrist shot by Andre Burakovsky.
11:26 of 1st period - Shot Misses the Net.
11:33 of 1st period - Icing by Ryan Callahan.
11:34 of 1st period - Derek Stepan wins face-off versus Jori Lehtera in Whalers zone.
11:41 of 1st period - Snap shot by Drake Caggiula.
11:41 of 1st period - Stopped by Martin Jones with a rebound.
11:43 of 1st period - Snap shot by Lance Bouma.
11:43 of 1st period - Goal by Lance Bouma - Sabres : 0 - Whalers : 2.
11:44 of 1st period - Paul Stastny wins face-off versus Austin Watson in neutral zone.
12:28 of 1st period - Snap shot by Drake Caggiula.
12:28 of 1st period - Deflect By Lance Bouma.
12:28 of 1st period - Shot Misses the Net.
12:28 of 1st period - Puck is out of play.
12:29 of 1st period - Byron Froese wins face-off versus Jori Lehtera in Sabres zone.
12:40 of 1st period - Wrist shot by Drake Caggiula.
12:40 of 1st period - Shot Misses the Net.
13:00 of 1st period - Snap shot by Paul Byron.
13:00 of 1st period - Stopped by Connor Hellebuyck without a rebound.
13:01 of 1st period - Kevin Hayes wins face-off versus Derek Stepan in Whalers zone.
13:02 of 1st period - Slapshot by Andre Burakovsky.
13:02 of 1st period - Shot Blocked by Derek Stepan.
13:26 of 1st period - Paul Byron is hit by Jonny Brodzinski and loses puck.
13:41 of 1st period - Snap shot by Paul Byron.
13:41 of 1st period - Shot Misses the Net.
13:43 of 1st period - Wrist shot by Andre Burakovsky.
13:43 of 1st period - Stopped by Connor Hellebuyck with a rebound.
13:45 of 1st period - Snap shot by Kevin Hayes.
13:45 of 1st period - Stopped by Connor Hellebuyck with a rebound.
13:47 of 1st period - Slapshot by Ivan Provorov.
13:47 of 1st period - Shot Misses the Net.
14:06 of 1st period - Snap shot by Paul Byron.
14:06 of 1st period - Shot Blocked by Brooks Orpik.
14:08 of 1st period - Snap shot by David Backes.
14:08 of 1st period - Shot Misses the Net.
14:10 of 1st period - Snap shot by Paul Stastny.
14:10 of 1st period - Shot Hit the Post.
14:12 of 1st period - Wrist shot by Paul Stastny.
14:12 of 1st period - Shot Misses the Net.
14:14 of 1st period - Slapshot by Kevin Shattenkirk.
14:14 of 1st period - Deflect By Rickard Rakell.
14:14 of 1st period - Shot Misses the Net.
14:14 of 1st period - Puck is out of play.
14:15 of 1st period - Paul Stastny wins face-off versus Austin Watson in Whalers zone.
15:07 of 1st period - Snap shot by Josh Anderson.
15:07 of 1st period - Shot Misses the Net.
15:09 of 1st period - Slapshot by Zach Hyman.
15:09 of 1st period - Stopped by Connor Hellebuyck without a rebound.
15:10 of 1st period - Jori Lehtera wins face-off versus Austin Watson in Whalers zone.
15:19 of 1st period - Slapshot by Scott Hartnell.
15:19 of 1st period - Stopped by Martin Jones with a rebound.
15:21 of 1st period - Slapshot by Dustin Byfuglien.
15:21 of 1st period - Stopped by Martin Jones without a rebound.
15:22 of 1st period - Derek Stepan wins face-off versus Paul Stastny in Sabres zone.
15:29 of 1st period - Wrist shot by Derek Stepan.
15:29 of 1st period - Shot Misses the Net.
15:48 of 1st period - Scott Hartnell is hit by Kyle Wood.
16:16 of 1st period - Slapshot by Zach Hyman.
16:16 of 1st period - Stopped by Connor Hellebuyck without a rebound.
16:17 of 1st period - David Backes wins face-off versus Derek Stepan in Whalers zone.
16:32 of 1st period - Wrist shot by David Backes.
16:32 of 1st period - Stopped by Connor Hellebuyck with a rebound.
16:38 of 1st period - Ryan Callahan is hit by David Backes and loses puck.
17:13 of 1st period - Snap shot by Jori Lehtera.
17:13 of 1st period - Shot Blocked by Lance Bouma.
17:15 of 1st period - Snap shot by Kevin Hayes.
17:15 of 1st period - Stopped by Connor Hellebuyck without a rebound.
17:16 of 1st period - Kevin Hayes wins face-off versus Nic Dowd in Whalers zone.
17:27 of 1st period - Slapshot by Andre Burakovsky.
17:27 of 1st period - Stopped by Connor Hellebuyck with a rebound.
17:41 of 1st period - Kyle Wood is hit by Austin Watson and loses puck.
18:30 of 1st period - Slapshot by Andre Burakovsky.
18:30 of 1st period - Shot Blocked by Kris Versteeg.
18:44 of 1st period - Wrist shot by Zach Hyman.
18:44 of 1st period - Deflect By Dustin Byfuglien.
18:44 of 1st period - Stopped by Connor Hellebuyck with a rebound.
18:46 of 1st period - Snap shot by Josh Anderson.
18:46 of 1st period - Shot Misses the Net.
18:48 of 1st period - Wrist shot by Zach Hyman.
18:48 of 1st period - Shot Misses the Net.
Goals for this period are 0 for Sabres vs 2 for Whalers.
Shots for this period are 14 for Sabres vs 14 for Whalers.

2nd period


0:01 of 2nd period - Paul Stastny wins face-off versus Derek Stepan in neutral zone.
0:22 of 2nd period - Minor Penalty to Kris Versteeg for Slashing.
0:23 of 2nd period - Derek Stepan wins face-off versus Paul Stastny in Whalers zone.
0:34 of 2nd period - Slapshot by Rickard Rakell.
0:34 of 2nd period - Shot Hit the Post.
2:08 of 2nd period - Snap shot by Ryan Callahan.
2:08 of 2nd period - Stopped by Martin Jones with a rebound.
2:22 of 2nd period - Penalty to Kris Versteeg is over, Kris Versteeg is back on ice.
2:28 of 2nd period - Dustin Byfuglien is hit by Paul Stastny and loses puck.
2:39 of 2nd period - Kris Russell is hit by Roman Josi and loses puck.
4:02 of 2nd period - Brooks Orpik is hit by Kevin Hayes and loses puck.
4:38 of 2nd period - Drake Caggiula is hit by Kevin Shattenkirk and loses puck.
5:41 of 2nd period - Icing by Ryan Pulock.
5:42 of 2nd period - Derek Stepan wins face-off versus Kevin Hayes in Whalers zone.
6:21 of 2nd period - Snap shot by Jori Lehtera.
6:21 of 2nd period - Stopped by Connor Hellebuyck without a rebound.
6:22 of 2nd period - Derek Stepan wins face-off versus Paul Stastny in Whalers zone.
6:48 of 2nd period - Mark Streit is hit by Scott Hartnell and loses puck.
7:17 of 2nd period - Snap shot by Byron Froese.
7:17 of 2nd period - Shot Blocked by Mark Streit.
7:29 of 2nd period - Mark Streit is hit by Dustin Byfuglien and loses puck.
7:45 of 2nd period - Slapshot by Jori Lehtera.
7:45 of 2nd period - Shot Misses the Net.
7:47 of 2nd period - Wrist shot by Josh Anderson.
7:47 of 2nd period - Shot Blocked by Scott Hartnell.
7:57 of 2nd period - Snap shot by Zach Hyman.
7:57 of 2nd period - Goal by Zach Hyman - Sabres : 1 - Whalers : 2.
7:58 of 2nd period - Paul Stastny wins face-off versus Derek Stepan in neutral zone.
8:17 of 2nd period - Paul Stastny is hit by Ryan Callahan and loses puck.
8:34 of 2nd period - Wrist shot by Andre Burakovsky.
8:34 of 2nd period - Stopped by Connor Hellebuyck without a rebound.
8:35 of 2nd period - Kevin Hayes wins face-off versus Austin Watson in Whalers zone.
9:19 of 2nd period - Snap shot by Jori Lehtera.
9:19 of 2nd period - Shot Blocked by Brooks Orpik.
9:21 of 2nd period - Snap shot by Jori Lehtera.
9:21 of 2nd period - Shot Misses the Net.
9:23 of 2nd period - Slapshot by Kevin Shattenkirk.
9:23 of 2nd period - Deflect By Derek Stepan.
9:23 of 2nd period - Stopped by Connor Hellebuyck without a rebound.
9:24 of 2nd period - Jori Lehtera wins face-off versus Austin Watson in Whalers zone.
9:27 of 2nd period - Wrist shot by Jori Lehtera.
9:27 of 2nd period - Shot Blocked by Mark Barberio.
9:29 of 2nd period - Snap shot by Josh Anderson.
9:29 of 2nd period - Shot Blocked by Ryan Pulock.
9:46 of 2nd period - Icing by Austin Watson.
9:47 of 2nd period - Paul Stastny wins face-off versus Austin Watson in Whalers zone.
9:50 of 2nd period - Snap shot by David Backes.
9:50 of 2nd period - Deflect By Scott Hartnell.
9:50 of 2nd period - Stopped by Connor Hellebuyck with a rebound.
9:52 of 2nd period - Snap shot by Rickard Rakell.
9:52 of 2nd period - Stopped by Connor Hellebuyck with a rebound.
9:54 of 2nd period - Slapshot by Erik Gudbranson.
9:54 of 2nd period - Stopped by Connor Hellebuyck with a rebound.
9:58 of 2nd period - Wrist shot by David Backes.
9:58 of 2nd period - Shot Misses the Net.
10:00 of 2nd period - Wrist shot by Paul Stastny.
10:00 of 2nd period - Shot Misses the Net.
10:02 of 2nd period - Backhand shot by David Backes.
10:02 of 2nd period - Stopped by Connor Hellebuyck with a rebound.
10:14 of 2nd period - Ryan Callahan is hit by Roman Josi.
10:32 of 2nd period - Snap shot by Roman Josi.
10:32 of 2nd period - Stopped by Connor Hellebuyck with a rebound.
10:34 of 2nd period - Snap shot by Andrew Copp.
10:34 of 2nd period - Stopped by Connor Hellebuyck with a rebound.
10:36 of 2nd period - Wrist shot by Andrew Copp.
10:36 of 2nd period - Shot Misses the Net.
10:38 of 2nd period - Slapshot by Andrew Copp.
10:38 of 2nd period - Stopped by Connor Hellebuyck without a rebound.
10:39 of 2nd period - Marcus Kruger wins face-off versus Derek Stepan in Whalers zone.
10:46 of 2nd period - Slapshot by Kevin Shattenkirk.
10:46 of 2nd period - Deflect By Marcus Kruger.
10:46 of 2nd period - Stopped by Connor Hellebuyck with a rebound.
11:25 of 2nd period - Snap shot by Marcus Kruger.
11:25 of 2nd period - Stopped by Connor Hellebuyck without a rebound.
11:26 of 2nd period - Paul Stastny wins face-off versus Austin Watson in Whalers zone.
11:29 of 2nd period - Snap shot by Paul Stastny.
11:29 of 2nd period - Deflect By Rickard Rakell.
11:29 of 2nd period - Shot Misses the Net.
11:29 of 2nd period - Puck is out of play.
11:30 of 2nd period - Paul Stastny wins face-off versus Austin Watson in Whalers zone.
12:13 of 2nd period - Icing by Derek Stepan.
12:14 of 2nd period - Derek Stepan wins face-off versus Zach Hyman in Whalers zone.
12:14 of 2nd period - Derek Stepan is hit by Zach Hyman.
12:26 of 2nd period - Slapshot by Kris Versteeg.
12:26 of 2nd period - Deflect By Derek Stepan.
12:26 of 2nd period - Stopped by Martin Jones with a rebound.
12:28 of 2nd period - Snap shot by Derek Stepan.
12:28 of 2nd period - Stopped by Martin Jones with a rebound.
12:48 of 2nd period - Snap shot by Drake Caggiula.
12:48 of 2nd period - Shot Blocked by Paul Stastny.
15:13 of 2nd period - Kris Russell is hit by Rickard Rakell.
16:13 of 2nd period - Off-side.
16:14 of 2nd period - Drake Caggiula wins face-off versus Paul Stastny in neutral zone.
16:19 of 2nd period - Wrist shot by Byron Froese.
16:19 of 2nd period - Stopped by Martin Jones with a rebound.
16:39 of 2nd period - Roman Josi is hit by Ryan Callahan and loses puck.
16:46 of 2nd period - Slapshot by Erik Gudbranson.
16:46 of 2nd period - Shot Misses the Net.
16:48 of 2nd period - Snap shot by Paul Byron.
16:48 of 2nd period - Deflect By Kevin Hayes.
16:48 of 2nd period - Deflect By Derek Stepan.
16:48 of 2nd period - Stopped by Connor Hellebuyck without a rebound.
16:49 of 2nd period - Paul Stastny wins face-off versus Austin Watson in Whalers zone.
17:17 of 2nd period - Off-side.
17:18 of 2nd period - Marcus Kruger wins face-off versus Derek Stepan in neutral zone.
17:29 of 2nd period - Roman Josi is hit by Ryan Callahan and loses puck.
17:59 of 2nd period - Lance Bouma is hit by Paul Stastny and loses puck.
18:37 of 2nd period - Snap shot by Marko Dano.
18:37 of 2nd period - Stopped by Connor Hellebuyck without a rebound.
18:38 of 2nd period - Marcus Kruger wins face-off versus Derek Stepan in Whalers zone.
18:43 of 2nd period - Snap shot by Marcus Kruger.
18:43 of 2nd period - Shot Blocked by Kris Russell.
18:45 of 2nd period - Snap shot by Marcus Kruger.
18:45 of 2nd period - Stopped by Connor Hellebuyck without a rebound.
18:46 of 2nd period - Derek Stepan wins face-off versus Paul Stastny in Whalers zone.
18:46 of 2nd period - Derek Stepan is hit by Rickard Rakell.
Goals for this period are 1 for Sabres vs 0 for Whalers.
Shots for this period are 16 for Sabres vs 4 for Whalers.

3rd period


0:01 of 3rd period - Paul Stastny wins face-off versus Kris Versteeg in neutral zone.
0:06 of 3rd period - Snap shot by David Backes.
0:06 of 3rd period - Shot Blocked by Dustin Byfuglien.
0:14 of 3rd period - Slapshot by Dustin Byfuglien.
0:14 of 3rd period - Stopped by Martin Jones with a rebound.
0:16 of 3rd period - Snap shot by Ryan Callahan.
0:16 of 3rd period - Stopped by Martin Jones with a rebound.
0:56 of 3rd period - Wrist shot by Paul Byron.
0:56 of 3rd period - Shot Misses the Net.
0:58 of 3rd period - Snap shot by Kevin Hayes.
0:58 of 3rd period - Stopped by Connor Hellebuyck without a rebound.
0:59 of 3rd period - Derek Stepan wins face-off versus Kevin Hayes in Whalers zone.
1:28 of 3rd period - Snap shot by Drake Caggiula.
1:28 of 3rd period - Stopped by Martin Jones without a rebound.
1:29 of 3rd period - Marcus Kruger wins face-off versus Drake Caggiula in Sabres zone.
2:06 of 3rd period - Slapshot by Paul Stastny.
2:06 of 3rd period - Shot Misses the Net.
2:24 of 3rd period - Wrist shot by Zach Hyman.
2:24 of 3rd period - Stopped by Connor Hellebuyck with a rebound.
2:36 of 3rd period - Jonny Brodzinski is hit by Kevin Hayes and loses puck.
2:47 of 3rd period - Wrist shot by Scott Hartnell.
2:47 of 3rd period - Stopped by Martin Jones without a rebound.
2:48 of 3rd period - Derek Stepan wins face-off versus Paul Stastny in Sabres zone.
2:49 of 3rd period - Snap shot by Kris Versteeg.
2:49 of 3rd period - Shot Blocked by Mark Streit.
3:19 of 3rd period - Snap shot by Drake Caggiula.
3:19 of 3rd period - Shot Blocked by Mark Streit.
3:21 of 3rd period - Wrist shot by Drake Caggiula.
3:21 of 3rd period - Shot Misses the Net.
3:23 of 3rd period - Slapshot by Byron Froese.
3:23 of 3rd period - Shot Misses the Net.
3:25 of 3rd period - Slapshot by Mark Barberio.
3:25 of 3rd period - Shot Misses the Net.
3:27 of 3rd period - Snap shot by Drake Caggiula.
3:27 of 3rd period - Shot Blocked by Kyle Wood.
3:51 of 3rd period - Wrist shot by Andre Burakovsky.
3:51 of 3rd period - Shot Misses the Net.
4:15 of 3rd period - Slapshot by Marcus Kruger.
4:15 of 3rd period - Shot Blocked by Dustin Byfuglien.
4:27 of 3rd period - Derek Stepan is hit by David Backes and loses puck.
5:22 of 3rd period - Derek Stepan is hit by Zach Hyman and loses puck.
5:27 of 3rd period - Slapshot by Kevin Shattenkirk.
5:27 of 3rd period - Shot Blocked by Tommy Cross.
5:47 of 3rd period - Derek Stepan is hit by David Backes and loses puck.
5:55 of 3rd period - Icing by Tommy Cross.
5:56 of 3rd period - Nic Dowd wins face-off versus Kevin Hayes in Whalers zone.
6:01 of 3rd period - Wrist shot by Scott Hartnell.
6:01 of 3rd period - Stopped by Martin Jones without a rebound.
6:02 of 3rd period - Kevin Hayes wins face-off versus Austin Watson in Sabres zone.
6:27 of 3rd period - Minor Penalty to Scott Hartnell for Tripping.
6:28 of 3rd period - Paul Stastny wins face-off versus Derek Stepan in Whalers zone.
6:40 of 3rd period - Off-side.
6:41 of 3rd period - Paul Stastny wins face-off versus Kris Versteeg in neutral zone.
6:43 of 3rd period - Off-side.
6:44 of 3rd period - Paul Stastny wins face-off versus Derek Stepan in neutral zone.
8:27 of 3rd period - Penalty to Scott Hartnell is over, Scott Hartnell is back on ice.
9:31 of 3rd period - Icing by Roman Josi.
9:32 of 3rd period - Jori Lehtera wins face-off versus Austin Watson in Sabres zone.
10:50 of 3rd period - Off-side.
10:51 of 3rd period - Paul Stastny wins face-off versus Austin Watson in neutral zone.
10:54 of 3rd period - Slapshot by Roman Josi.
10:54 of 3rd period - Stopped by Connor Hellebuyck without a rebound.
10:55 of 3rd period - Austin Watson wins face-off versus Paul Stastny in Whalers zone.
10:55 of 3rd period - Austin Watson is hit by Erik Gudbranson.
11:11 of 3rd period - Wrist shot by Scott Hartnell.
11:11 of 3rd period - Shot Misses the Net.
11:21 of 3rd period - Kris Versteeg is hit by Erik Gudbranson and loses puck.
11:26 of 3rd period - Slapshot by Roman Josi.
11:26 of 3rd period - Stopped by Connor Hellebuyck with a rebound.
11:48 of 3rd period - Snap shot by Drake Caggiula.
11:48 of 3rd period - Shot Misses the Net.
12:12 of 3rd period - Slapshot by Dustin Byfuglien.
12:12 of 3rd period - Stopped by Martin Jones with a rebound.
12:22 of 3rd period - Snap shot by Drake Caggiula.
12:22 of 3rd period - Stopped by Martin Jones without a rebound.
12:23 of 3rd period - Paul Stastny wins face-off versus Drake Caggiula in Sabres zone.
13:12 of 3rd period - Scott Hartnell is hit by Josh Anderson.
13:13 of 3rd period - Icing by Scott Hartnell.
13:14 of 3rd period - Paul Stastny wins face-off versus Austin Watson in Whalers zone.
13:23 of 3rd period - Austin Watson is hit by Erik Gudbranson and loses puck.
13:41 of 3rd period - Brooks Orpik is hit by Paul Byron and loses puck.
14:55 of 3rd period - Snap shot by David Backes.
14:55 of 3rd period - Goal by David Backes - Sabres : 2 - Whalers : 2.
14:56 of 3rd period - Paul Stastny wins face-off versus Derek Stepan in neutral zone.
15:25 of 3rd period - Jori Lehtera is hit by Lance Bouma and loses puck.
16:10 of 3rd period - Wrist shot by Andre Burakovsky.
16:10 of 3rd period - Stopped by Connor Hellebuyck without a rebound.
16:11 of 3rd period - Jori Lehtera wins face-off versus Austin Watson in Whalers zone.
16:18 of 3rd period - Wrist shot by Roman Josi.
16:18 of 3rd period - Shot Misses the Net.
16:20 of 3rd period - Slapshot by Erik Gudbranson.
16:20 of 3rd period - Deflect By Josh Anderson.
16:20 of 3rd period - Stopped by Connor Hellebuyck with a rebound.
16:22 of 3rd period - Wrist shot by Erik Gudbranson.
16:22 of 3rd period - Deflect By Jonny Brodzinski.
16:22 of 3rd period - Stopped by Connor Hellebuyck with a rebound.
16:24 of 3rd period - Wrist shot by Jori Lehtera.
16:24 of 3rd period - Stopped by Connor Hellebuyck with a rebound.
16:26 of 3rd period - Slapshot by Roman Josi.
16:26 of 3rd period - Shot Blocked by Jaycob Megna.
17:03 of 3rd period - Snap shot by Drake Caggiula.
17:03 of 3rd period - Stopped by Martin Jones with a rebound.
17:22 of 3rd period - Wrist shot by Paul Byron.
17:22 of 3rd period - Stopped by Connor Hellebuyck with a rebound.
17:44 of 3rd period - Derek Stepan is hit by Zach Hyman and loses puck.
17:50 of 3rd period - Icing by Derek Stepan.
17:51 of 3rd period - Nic Dowd wins face-off versus Marcus Kruger in Whalers zone.
18:17 of 3rd period - Snap shot by Nic Dowd.
18:17 of 3rd period - Shot Misses the Net.
18:19 of 3rd period - Snap shot by Austin Watson.
18:19 of 3rd period - Goal by Austin Watson - Sabres : 2 - Whalers : 3.
18:20 of 3rd period - Nic Dowd wins face-off versus Marcus Kruger in neutral zone.
18:23 of 3rd period - Snap shot by Nic Dowd.
18:23 of 3rd period - Deflect By Derek Stepan.
18:23 of 3rd period - Stopped by Martin Jones without a rebound.
18:24 of 3rd period - Marcus Kruger wins face-off versus Drake Caggiula in Sabres zone.
18:49 of 3rd period - Slapshot by Dustin Byfuglien.
18:49 of 3rd period - Shot Misses the Net.
18:51 of 3rd period - Slapshot by Dustin Byfuglien.
18:51 of 3rd period - Deflect By Kris Versteeg.
18:51 of 3rd period - Shot Misses the Net.
18:51 of 3rd period - Puck is out of play.
18:52 of 3rd period - Alain Vigneault call a timeout for Sabres.
18:52 of 3rd period - Derek Stepan wins face-off versus Josh Anderson in Sabres zone.
19:18 of 3rd period - Snap shot by Dustin Byfuglien.
19:18 of 3rd period - Stopped by Martin Jones with a rebound.
19:20 of 3rd period - Wrist shot by Kris Versteeg.
19:20 of 3rd period - Stopped by Martin Jones with a rebound.
19:24 of 3rd period - Snap shot by Ryan Callahan.
19:24 of 3rd period - Stopped by Martin Jones without a rebound.
19:25 of 3rd period - Derek Stepan wins face-off versus Paul Stastny in Sabres zone.
19:26 of 3rd period - Snap shot by Ryan Callahan.
19:26 of 3rd period - Stopped by Martin Jones with a rebound.
19:28 of 3rd period - Wrist shot by Kris Versteeg.
19:28 of 3rd period - Stopped by Martin Jones with a rebound.
19:32 of 3rd period - Slapshot by Kris Russell.
19:32 of 3rd period - Stopped by Martin Jones with a rebound.
19:34 of 3rd period - Snap shot by Ryan Callahan.
19:34 of 3rd period - Shot Hit the Post.
19:36 of 3rd period - Snap shot by Kris Russell.
19:36 of 3rd period - Stopped by Martin Jones with a rebound.
19:38 of 3rd period - Slapshot by Ryan Callahan.
19:38 of 3rd period - Stopped by Martin Jones without a rebound.
19:39 of 3rd period - Paul Stastny wins face-off versus Derek Stepan in Sabres zone.
19:39 of 3rd period - Paul Stastny is hit by Derek Stepan.
Goals for this period are 1 for Sabres vs 1 for Whalers.
Shots for this period are 10 for Sabres vs 18 for Whalers.